 Dungeon Crawl Stone Soup version 0.25-a0-1133-g93ebf739aa (webtiles) character file.

Game seed: 11486076335750661240, levelgen mode: classic

95 Amnesiac the Vexing (level 4, 0/24 HPs)
             Began as a Deep Elf Arcane Marksman on May 20, 2020.
             Slain by a kobold
             ... wielding a +0 short sword
              (6 damage)
             ... on level 3 of the Dungeon.
             The game lasted 00:04:40 (2219 turns).

Amnesiac the Vexing (Deep Elf Arcane Marksman)      Turns: 2219, Time: 00:04:41

Health: 0/24       AC:  3    Str:  8    XL:     4   Next: 40%
Magic:  7/9        EV: 13    Int: 18    God:
Gold:   40         SH:  0    Dex: 15    Spells: 0/7 levels left

rFire    . . .     SeeInvis .   w - +0 short sword
rCold    . . .     Gourm    .   (no shield)
rNeg     . . .     Faith    .   e - +0 robe
rPois    .         Spirit   .   (no helmet)
rElec    .         Reflect  .   (no cloak)
rCorr    .         Harm     .   (no gloves)
MR       .....                  o - +0 pair of boots
Stlth    +.........             (no amulet)
HPRegen  0.08/turn              (no ring)
MPRegen  0.11/turn              (no ring)

@: no status effects
A: no striking features
a: no special abilities


You were on level 3 of the Dungeon.
You were not hungry.

You visited 1 branch of the dungeon, and saw 3 of its levels.

You collected 40 gold pieces.

Inventory:

Hand Weapons
 a - a +0 shortbow
 w - a +0 short sword (weapon)
Missiles
 d - an arrow
Armour
 c - a +1 leather armour of cold resistance
 e - a +0 robe (worn)
 o - a +0 pair of boots (worn)
Magical Staves
 b - an uncursed staff of wizardry {!a}
Wands
 q - a wand of acid (6)
Scrolls
 g - a scroll of teleportation {!r, unknown}
 h - 2 scrolls of amnesia {!r, unknown}
 m - a scroll of remove curse {!r, unknown}
 p - a scroll of enchant armour {!r, unknown}
Potions
 j - a potion of degeneration {!q, unknown}
 k - a potion of curing {!q, unknown}
 l - a potion of haste {!q, unknown}
 n - a potion of lignification {!q, unknown}
 r - a potion of invisibility {!q, unknown}
Comestibles
 f - 5 rations


   Skills:
 - Level 0.7 Fighting
 * Level 4.3 Bows
 - Level 2.4 Dodging
 - Level 2.0 Spellcasting
 + Level 5.0 Hexes


You couldn't memorise any spells.
You knew the following spells:

 Your Spells              Type           Power        Failure   Level  Hunger
a - Corona                Hex            ###....      2%          1    #......
b - Cause Fear            Hex            ###.......   22%         4    #####..
e - Slow                  Hex            ###.....     3%          2    ###....

Your spell library contained the following spells:

 Spells                   Type           Power        Failure   Level  Hunger
 Inner Flame              Hex/Fire       ##......     19%         3    ###....
 Portal Projectile        Hex/Tloc       ##....       19%         3    ###....
 Leda's Liquefaction      Hex/Erth       ##........   54%         4    #####..


Dungeon Overview and Level Annotations

Branches:
Dungeon (3/15)

Altars:
Uskayaw

Annotations:
D:2 exclusion: dancing weapon


Message History

The giant cockroach misses you.
You hit the giant cockroach but do no damage.
The giant cockroach misses you. The giant cockroach barely misses you.
You barely miss the giant cockroach. The giant cockroach closely misses you.
You hit the giant cockroach.
The giant cockroach is lightly wounded.
The giant cockroach barely misses you.
You hit the giant cockroach.
The giant cockroach is severely wounded.
The giant cockroach bites you but does no damage.
The giant cockroach closely misses you.
You hit the giant cockroach.
You kill the giant cockroach!
Casting: Corona (safe; 2% risk of failure)
Confirm with . or Enter, or press ? or * to list all spells.
Aiming: Corona (safe; 2% risk of failure)
Press: ? - help, Shift-Dir - straight line, f - orc
Aim: an orc (chance to defeat MR: 75%)
The orc is outlined in light.
The orc barely misses you.
You hit the orc.
The orc is severely wounded.
The orc hits you.
You hit the orc.
The orc is almost dead.
The orc closely misses you.
You hit the orc but do no damage.
The orc is almost dead.
The orc hits you.
* * * LOW HITPOINT WARNING * * *
You closely miss the orc.
The orc is almost dead.
The orc closely misses you.
You hit the orc.
You kill the orc!
Casting: Corona (safe; 2% risk of failure)
Confirm with . or Enter, or press ? or * to list all spells.
Aiming: Corona (safe; 2% risk of failure)
Press: ? - help, Shift-Dir - straight line, f - hobgoblin
Aim: a hobgoblin, wielding a +0 club (chance to defeat MR: 75%)
The hobgoblin is outlined in light.
The hobgoblin closely misses you.
You hit the hobgoblin.
The hobgoblin is moderately wounded.
The hobgoblin hits you but does no damage.
You hit the hobgoblin.
You kill the hobgoblin!
Casting: Corona (safe; 2% risk of failure)
Confirm with . or Enter, or press ? or * to list all spells.
Aiming: Corona (safe; 2% risk of failure)
Press: ? - help, Shift-Dir - straight line, f - kobold
Aim: a kobold, wielding a +0 short sword (chance to defeat MR: 75%)
The kobold is outlined in light.
The kobold hits you with a +0 short sword.
* * * LOW HITPOINT WARNING * * *
You hit the kobold but do no damage.
The kobold hits you with a +0 short sword.
* * * LOW HITPOINT WARNING * * *
The kobold misses you.
You hit the kobold.
The kobold is moderately wounded.
The kobold hits you but does no damage.
You barely miss the kobold.
The kobold is moderately wounded.
The kobold hits you with a +0 short sword.
You die...

### # ##.##.#
##...#.# #
......###.
#.####...#.....
#..@K..........
#######.######
#.# #####K##
##......##
..........##
###^####.(.##
.. #(...# ..
#.(..+


You could see a kobold (corona).

Vanquished Creatures
  2 gnolls
  2 adders (D:2)
  An adder zombie (D:2)
  3 dart slugs
  2 leopard geckos
  An orc (D:3)
  2 giant cockroaches
  4 hobgoblins
  6 jackals
  2 ball pythons (D:1)
  6 bats
  5 frilled lizards
  5 goblins
  3 kobolds
  6 rats
50 creatures vanquished.

Notes
Turn   | Place    | Note
-------+----------+-------------------------------------------
     0 | D:1      | Amnesiac the Deep Elf Arcane Marksman began the quest for
                  | the Orb.
     0 | D:1      | Reached XP level 1. HP: 11/11 MP: 5/5
   467 | D:1      | Reached XP level 2. HP: 16/16 MP: 3/6
   489 | D:1      | Learned a level 2 spell: Slow
  1404 | D:2      | Reached XP level 3. HP: 17/20 MP: 5/8
  1520 | D:2      | Found a hide-covered altar of Uskayaw.
  1741 | D:2      | Found a faded altar of an unknown god.
  1820 | D:2      | Noticed a +0 dagger
  1820 | D:2      | Noticed a +0 dagger
  1947 | D:3      | Reached XP level 4. HP: 24/24 MP: 7/9
  1958 | D:3      | Learned a level 4 spell: Cause Fear
  2098 | D:2      | Reached skill level 5 in Hexes
  2184 | D:3      | Found a hide-covered altar of Uskayaw.
  2219 | D:3      | Slain by a kobold

Illustrated notes

Levels and vault maps discovered:
D:1:      psy_arrival_dodecagon, layout_basic
D:2:      layout_rooms, dancing_weapons_uskayaw,
          chequers_ecumenical_altar_twisty
D:3:      layout_loops_corners, minitemple, lemuel_tele_altar, uniq_natasha

Skill      XL: |  1  2  3  4 |
---------------+-------------+-----
Spellcasting   | 2 |  2.0
Bows           | 3 4 |  4.3
Hexes          | 5 |  5.0
Fighting       | |  0.7
Dodging        | |  2.4

Action                   |  1- 3 |  4- 6 || total
-------------------------+-------+-------++-------
Melee: Short sword       |       |    15 ||    15
 Fire: Shortbow          |   110 |    17 ||   127
 Cast: Corona            |    36 |     7 ||    43
       Slow              |     1 |     3 ||     4
  Eat: Chunk             |     4 |     1 ||     5
Armor: Robe              |    14 |     4 ||    18
Dodge: Dodged            |    43 |    18 ||    61

Table legend:
 A = Non-vault XP
 B = Vault XP
 C = Vault XP percentage of total XP
 D = Non-vault monster count
 E = Vault monster count
 F = Vault count percentage of total count
                 A         B        C        D         E       F
            +---------+---------+-------+---------+---------+-------
      Total |     137 |       0 |   0.0 |      50 |       0 |   0.0
            +---------+---------+-------+---------+---------+-------
        D:1 |      32 |       0 |   0.0 |      22 |       0 |   0.0
        D:2 |      77 |       0 |   0.0 |      21 |       0 |   0.0
        D:3 |      28 |       0 |   0.0 |       7 |       0 |   0.0
            +---------+---------+-------+---------+---------+-------
